 Dungeon Crawl Stone Soup version 0.18.1-5-g4a78601 (webtiles) character file.

58 Zhenya25pyc the Shield-Bearer (level 4, -2/28 HPs)
             Began as a Gargoyle Fighter on May 13, 2016.
             Was an Initiate of Okawaru.
             Splashed by a jelly's acid (5 damage)
             ... on level 1 of the Dungeon.
             The game lasted 00:03:31 (1310 turns).

Zhenya25pyc the Shield-Bearer (Gargoyle Fighter)    Turns: 1310, Time: 00:03:31

Health: -2/28      AC:  7    Str: 20    XL:     4   Next: 1%
Magic:  4/4        EV:  7    Int:  9    God:    Okawaru [......]
Gold:   104        SH:  9    Dex:  9    Spells: 0 memorised, 3 levels left

rFire  . . .     SeeInvis .     l - -2 flail (curse)
rCold  . . .     Gourm    .     b - +0 scale mail
rNeg   + . .     Faith    .     c - +0 shield
rPois  ∞         Spirit   .     (no helmet)
rElec  +         Dismiss  .     (no cloak)
rCorr  .         Reflect  .     m - +0 pair of gloves
SustAt .         Harm     .     (no boots)
MR     .....                    (no amulet)
Stlth  ..........               (no ring)
                                (no ring)

@: corroded, not resistant to hostile enchantments, extremely unstealthy
A: negative energy resistance 1, electricity resistance, unbreathing,
petrification resistance, rot immunity, AC +3
a: Renounce Religion


You were on level 1 of the Dungeon.
You worshipped Okawaru.
Okawaru was noncommittal.
You were hungry.

You visited 1 branch of the dungeon, and saw 2 of its levels.

You collected 104 gold pieces.

Inventory:

Hand Weapons
 a - a +0 flail
 l - a cursed -2 flail (weapon)
Armour
 b - a +0 scale mail (worn)
 c - a +0 shield (worn)
 m - a +0 pair of gloves (worn)
Wands
 o - a wand of digging (1/24)
Scrolls
 e - a scroll of immolation {unknown}
 n - a scroll of random uselessness {unknown}
 p - a scroll of enchant weapon {unknown}
 q - a scroll of remove curse {unknown}
Potions
 d - a potion of might
 h - a potion of lignification {unknown}
 i - a potion of flight {unknown}
 j - a potion of curing {unknown}
Comestibles
 f - 3 bread rations
 g - a meat ration
 k - 4 fruits


   Skills:
 + Level 3.5 Fighting
 * Level 3.1 Maces & Flails
 + Level 3.7 Armour
 + Level 3.8 Shields


You had 3 spell levels left.
You didn't know any spells.

Dungeon Overview and Level Annotations

Branches:
Dungeon (2/15)

Altars:
Okawaru
Pakellas


Innate Abilities, Weirdness & Mutations

You are resistant to torment.
Your stone body is resilient (AC +3).
You are immune to poison.
You resist negative energy.
You are resistant to electric shocks.
You can survive without breathing.
You are immune to petrification.
You are immune to rotting.


Message History

The jelly hits you but does no damage.
The giant cockroach bites you but does no damage.
You hit the jelly but do no damage. The acid corrodes you!
Your hands burn!
The jelly is moderately wounded.
The jelly jiggles.
The jelly hits you.
You are splashed with acid!
The acid burns!
* * * LOW HITPOINT WARNING * * *
The giant cockroach bites you but does no damage.
Unknown command.
You are too injured to fight recklessly!
You are too injured to fight recklessly!
You block the jelly's attack. You block the giant cockroach's attack.
Your shield and scale mail prevent you from hitting the jelly.
The jelly is moderately wounded.
You block the jelly's attack.
The ooze jiggles.
The giant cockroach bites you but does no damage.
You block the jelly's attack.
You sock the jelly!
Your hands burn!
You die...

.........# #####.# #.#
.#####.(############.....#
#.# .#
#....)..............# #.#
.# #.)###############..#
#.#### .##
#..#.............#..#
#..... ..#
##.#.....JJrr....#..#
###### ..##
#.#....rJhss....#..# ...#
#.#######J#######..# .#.##
#.#.....†s@....(#..# .#..#
#.'⌠....###....⌠'..#
.##.###.#......<......#..#
......#.#..⌠...>...⌠..#..#
###.#.#.###'#######'###..#
......#.†................#
......##.................#
......##.##########....###
......##.# #....#


You could see a jelly, 3 oozes, a jackal, 3 giant cockroaches and 3 rats.

Vanquished Creatures
  An ooze (D:2)
  2 worms (D:2)
  A giant cockroach (D:1)
  6 goblins
  8 hobgoblins
  2 jackals (D:1)
  6 kobolds
  2 ball pythons
  5 bats
  2 giant newts (D:1)
  7 rats
42 creatures vanquished.

Notes
Turn   | Place    | Note
--------------------------------------------------------------
     0 | D:1      | Zhenya25pyc the Gargoyle Fighter began the quest for the Orb.
     0 | D:1      | Reached XP level 1. HP: 14/14 MP: 1/1
     1 | D:1      | Found a runed door.
     2 | D:1      | Noticed a jelly
    73 | D:1      | Reached XP level 2. HP: 19/19 MP: 2/2
   424 | D:1      | Reached XP level 3. HP: 17/23 MP: 3/3
   951 | D:2      | Found an oddly glowing altar of Pakellas.
  1127 | D:2      | Found an iron altar of Okawaru.
  1132 | D:2      | Became a worshipper of Warmaster Okawaru
  1300 | D:1      | Reached XP level 4. HP: 28/28 MP: 4/4
  1310 | D:1      | Splashed by a jelly's acid

Skill      XL: |  1  2  3 |
---------------+----------+-----
Maces & Flails | 3 |  3.1
Fighting       | |  3.5
Armour         | |  3.7
Shields        | |  3.8

Action                   |  1- 3 |  4- 6 || total
-------------------------+-------+-------++-------
Melee: Flail             |   171 |     9 ||   180
  Eat: Chunk             |     1 |       ||     1
Armor: Scale mail        |   100 |    11 ||   111
Dodge: Dodged            |    68 |     2 ||    70
Block: Shield            |   106 |     6 ||   112
